 Dungeon Crawl Stone Soup version 0.27-a0-1071-ga85bd9520d (console) character file.

Game seed: 12952911056219369428

44 nht the Digger (level 3, -1/24 HPs)
             Began as a Demonspawn Earth Elementalist on Apr 24, 2021.
             Was a Believer of Lugonu.
             Slain by a phantom (9 damage)
             ... on level 2 of the Dungeon.
             The game lasted 00:01:58 (1578 turns).

nht the Digger (Demonspawn Earth Elementalist)      Turns: 1578, Time: 00:01:59

Health: -1/24      AC:  2    Str:  8    XL:     3   Next: 41%
Magic:  0/6        EV: 12    Int: 17    God:    Lugonu [**....]
Gold:   56         SH:  0    Dex: 13    Spells: 5/6 levels left

rFire    . . .     SeeInvis .   a - +0 short sword
rCold    . . .     Faith    .   (no shield)
rNeg     . . .     Spirit   +   c - +0 robe
rPois    .         Reflect  .   (no helmet)
rElec    .         Harm     .   (no cloak)
rCorr    .         Rampage  .   (no gloves)
Will     .....                  (no boots)
Stlth    ++........             d - amulet of guardian spirit
HPRegen  0.08/turn              (no ring)
MPRegen  0.10/turn              (no ring)

@: no status effects
A: powered by pain 2
a: Renounce Religion, Depart the Abyss, Bend Space


You were on level 2 of the Dungeon.
You worshipped Lugonu.
Lugonu was pleased with you.
You visited 1 branch of the dungeon, and saw 2 of its levels.

You collected 56 gold pieces.

Inventory:

Hand Weapons
 a - a +0 short sword (weapon)
Missiles
 b - 16 stones
Armour
 c - a +0 robe (worn)
Jewellery
 d - an amulet of guardian spirit (around neck)
Scrolls
 e - a scroll of fear {unknown}
 f - a scroll of identify {unknown}
 g - a scroll of enchant weapon {unknown}


   Skills:
 - Level 1.7 Dodging
 - Level 1.7 Stealth
 - Level 2.0 Spellcasting
 - Level 0.8 Transmutations
 + Level 4.1 Earth Magic


You had 5 spell levels left.
You knew the following spells:

 Your Spells              Type           Power      Damage    Failure   Level
a - Sandblast             Erth           30%        2d9       3%          1

Your spell library contained the following spells:

 Spells                   Type           Power      Damage    Failure   Level
 Passwall                 Tmut/Erth      8%         N/A       11%         2
 Stone Arrow              Conj/Erth      16%        3d8       26%         3
 Petrify                  Tmut/Erth      10%        N/A       56%         4
 Lee's Rapid Deconstruct  Erth           7%         3d8*      69%         5


Dungeon Overview and Level Annotations

Branches:
Dungeon (2/15)

Altars:
Lugonu


Innate Abilities, Weirdness & Mutations

You sometimes gain power by taking damage.


Message History

Found a club.
There is an open door here.
g - a scroll labelled LABBAPEFEMI You open the door.
There is an open door here.
b - 21 stones (gained 13)
A phantom comes into view.
The blast of sand misses the phantom.
The blast of sand hits the phantom.
The phantom is lightly damaged.
The phantom closely misses you.
The blast of sand misses the phantom.
The phantom hits you!
The phantom blinks!
You blink.
The blast of sand hits the phantom but does no damage.
The phantom is lightly damaged.
The phantom closely misses you.
The blast of sand hits the phantom.
The phantom is lightly damaged.
The phantom hits you.
The phantom blinks!
You blink.
You are too depleted to draw on your mana recklessly!
You are too depleted to draw on your mana recklessly!
You hit the phantom but do no damage.
The phantom is lightly damaged.
The phantom closely misses you. The phantom hits you.
You barely miss the phantom.
The phantom is lightly damaged.
The phantom hits you.
You barely miss the phantom.
The phantom is lightly damaged.
The phantom barely misses you.
You hit the phantom.
The phantom is moderately damaged.
The phantom misses you.
You barely miss the phantom.
The phantom is moderately damaged.
The phantom hits you.
You hit the phantom but do no damage.
The phantom is moderately damaged.
The phantom hits you!
You die... .█ █████████████ █...██ .█ █...........███ █...██ .████████ █.........)...█ ██████ .......... █.............█ █ ...........███████████...█ █ █.........^█ █...█ █████ █..........█ █████...████.... █..........███████...'...'..'.... ...........██...@█.███...████.... █..........██.██W█.█ █████ █████

█..........██.██.█.█
█..........██.██.█.█
█..†.......██.██.█.█
█..........██.██.█.█
█████'███████.██.█.█
█......<█.██.█.█
██████.██.██.█.█


You could see a phantom.

Vanquished Creatures
  An adder (D:2)
  A dart slug (D:1)
  2 ball pythons (D:1)
  5 bats (D:1)
  3 endoplasms
  2 giant cockroaches
  3 goblins (D:1)
  A hobgoblin (D:1)
  3 jackals (D:2)
  2 kobolds (D:1)
  2 quokkas
  A frilled lizard (D:1)
  4 rats
30 creatures vanquished.

Notes
Turn   | Place    | Note
-------+----------+-------------------------------------------
     0 | D:1      | nht the Demonspawn Earth Elementalist began the quest for
                  | the Orb.
     0 | D:1      | Reached XP level 1. HP: 13/13 MP: 3/3
    43 | D:1      | Reached skill level 3 in Earth Magic
   133 | D:1      | Gained mutation: You sometimes gain a little power by
                  | taking damage. [demonic ancestry]
   133 | D:1      | Reached XP level 2. HP: 17/19 MP: 0/5
   600 | D:1      | Found a faded altar of an unknown god.
   609 | D:1      | Became a worshipper of Lugonu the Unformed
   609 | D:1      | Reached * piety under Lugonu
   609 | D:1      | Reached ** piety under Lugonu
  1135 | D:2      | Gained mutation: You sometimes gain power by taking damage.
                  | [demonic ancestry]
  1135 | D:2      | Reached XP level 3. HP: 24/24 MP: 3/6
  1435 | D:2      | Reached skill level 4 in Earth Magic
  1567 | D:2      | Noticed a phantom
  1578 | D:2      | Slain by a phantom

Illustrated notes

Levels and vault maps discovered:
D:1:      dpeg_arrival_pits, layout_basic,
          hellmonk_ecumenical_altar_inner_sanctum, minivault_14, hex_medium,
          minmay_misc_feat_tower, kennysheep_small_spiral, grunt_decor_cap
D:2:      layout_basic

Skill      XL: |  1  2  3 |
---------------+----------+-----
Earth Magic    | 3 4 |  4.1
Dodging        | |  1.7
Stealth        | |  1.7
Spellcasting   | |  2.0
Transmutations | |  0.8

Action                   || total
-------------------------++-------
Melee: Short sword       ||    15
 Cast: Sandblast         ||    44
Armor: Robe              ||     4
Dodge: Dodged            ||    13

Table legend: (Time is in decaauts)
 A = Elapsed time spent in this place.
 B = Non-inter-level travel time spent in this place.
 C = Inter-level travel time spent in this place.
 D = Time resting spent in this place.
 E = Time spent auto-exploring this place.
 F = Levels seen in this place.
 G = Mean time per level.
                   A        B        C        D        E       F      G
               +--------+--------+--------+--------+--------+-----+--------+
         Total |   1579 |   1535 |     44 |      0 |   1370 |   2 |  789.5 |
       Dungeon |   1579 |   1535 |     44 |      0 |   1370 |   2 |  789.5 |
               +--------+--------+--------+--------+--------+-----+--------+

Top non-repeatable levels by time:
     D:1: 1131 daAuts
     D:2: 448 daAuts
